 Dungeon Crawl Stone Soup version 0.31-a0-246-g8cbcc1c (webtiles) character file.

Game seed: 1481767935637380883

187559 Ubbricas the Skirmisher (level 18, -3/128 HPs)
             Began as a Gnoll Hunter on July 11, 2023.
             Was the Champion of Hepliaklqana.
             Slain by a +1 glaive of flaming (4 damage)
             ... on level 1 of the Elven Halls on July 12, 2023.
             The game lasted 01:18:23 (24992 turns).

Ubbricas the Skirmisher (Gnoll Hunter)             Turns: 24992, Time: 01:18:23

Health: -3/128     AC: 15    Str: 14    XL:     18   Next: 7%
Magic:  34/34      EV: 17    Int:  9    God:    Hepliaklqana [******]
Gold:   173        SH: 19    Dex: 18    Spells: 25/41 levels left

rFire   + . .        j - +5 war axe of Mens Rea {venom, rElec rC+ Will++ Dex-5}
rCold   + + .        a - +1 tower shield {rC+}
rNeg    + . .        A - +0 troll leather armour
rPois   .            w - +2 hood of the Assassin {Detect Stab+ Stlth++}
rElec   +            S - +1 cloak
rCorr   .            V - +1 pair of gloves {hurl}
SInv    .            L - +1 pair of boots
Will    +++..        R - amulet of Vitality {RegenMP++ Regen++}
Stlth   +++++++      k - ring of protection from fire
HPRegen 2.81/turn    X - ring "Fefio" {rN+ Str+3}
MPRegen 1.04/turn

%: no passive effects
@: studying 2 skills
A: reduced essence, fangs 1, strong nose, distributed training
}: 1/15 runes: barnacled
a: Renounce Religion, Recall Ancestor, Ancestor Identity, Transference, Idealise


You were on level 1 of the Elven Halls.
You worshipped Hepliaklqana.
Hepliaklqana was exalted by your worship.
You visited 6 branches of the dungeon, and saw 28 of its levels.
You also visited: Ice Cave.

You collected 2841 gold pieces.
You spent 2668 gold pieces at shops.

Inventory:

Hand Weapons
 j - the +5 war axe of Mens Rea (weapon) {venom, rElec rC+ Will++ Dex-5}
   (You found it on level 11 of the Dungeon)

   Dex:       It affects your dexterity (-5).
   rC:        It protects you from cold.
   rElec:     It insulates you from electricity.
   Will:      It greatly increases your willpower.
 O - a +5 longbow of flaming
 T - the +4 consecrated labrys {holy, Valiant Fragile Fly SInv}
   (You found it in an ice cave)

   Valiant:   It becomes more powerful as more dangerous foes come into view.
   SInv:      It lets you see invisible.
   Fly:       It grants you flight.
   Fragile:   It will be destroyed if unequipped.
Missiles
 d - 2 curare-tipped darts
 i - 2 silver javelins
 p - 13 throwing nets
Armour
 a - a +1 tower shield of cold resistance (worn)
 f - a +3 ring mail of fire resistance
 w - the +2 hood of the Assassin (worn) {Detect Stab+ Stlth++}
   (You found it on level 5 of the Lair of Beasts)

   Detect:    It allows the wearer to sense nearby creatures.
   Stab+:     It allows the wearer to make particularly effective stabbing
   attacks against helpless or unaware enemies with any weapon.
   Stlth:     It makes you much more stealthy.
 A - a +0 troll leather armour (worn)
 B - a +2 ring mail of cold resistance
 L - a +1 pair of boots (worn)
 S - a +1 cloak (worn)
 V - a +1 pair of gloves of hurling (worn)
Jewellery
 k - a ring of protection from fire (left hand)
 C - a ring of poison resistance
 E - a ring of protection from cold
 N - a ring of see invisible
 R - the amulet of Vitality (around neck) {RegenMP++ Regen++}
   (You found it in an ice cave)

   [amulet of magic regeneration]

   It increases your rate of magic regeneration.
   Regen:     It increases your rate of health regeneration.
 U - a +6 ring of strength
 X - the ring "Fefio" (right hand) {rN+ Str+3}
   (You took it off a merfolk javelineer on level 4 of the Shoals)

   [ring of positive energy]

   Str:       It affects your strength (+3).
   rN:        It protects you from negative energy.
Wands
 b - a wand of acid (7)
 g - a wand of digging (17)
 J - a wand of roots (16)
 Y - a wand of mindburst (11)
Scrolls
 h - 6 scrolls of teleportation
 l - 6 scrolls of fear
 m - 4 scrolls of poison
 o - 6 scrolls of revelation
 q - 2 scrolls of blinking
 r - 4 scrolls of immolation
 u - a scroll of silence
 x - 8 scrolls of identify
 y - 6 scrolls of enchant armour
 z - 5 scrolls of fog
Potions
 c - a potion of ambrosia
 e - 5 potions of lignification
 n - 5 potions of resistance
 s - 2 potions of cancellation
 t - 2 potions of might
 v - 4 potions of magic
 D - 2 potions of berserk rage
 F - 3 potions of mutation
 G - 8 potions of heal wounds
 H - 2 potions of attraction
 M - 4 potions of brilliance
 P - 5 potions of curing
 Q - 4 potions of haste
 W - 2 potions of enlightenment
 Z - a potion of invisibility
Miscellaneous
 I - a phantom mirror
 K - a lightning rod (2/4)


   Skills:
 + Level 13.2 Fighting
 + Level 12.4 Short Blades
 + Level 12.4 Long Blades
 + Level 12.4 Axes
 + Level 12.4 Maces & Flails
 + Level 12.4 Polearms
 + Level 13.0 Staves
 + Level 14.8 Ranged Weapons
 + Level 12.4 Throwing
 + Level 12.4 Armour
 + Level 13.2 Dodging
 + Level 12.6 Stealth
 + Level 12.4 Shields
 + Level 12.4 Unarmed Combat
 + Level 12.4 Spellcasting
 + Level 10.5 Conjurations
 + Level 10.5 Hexes
 + Level 10.5 Summonings
 + Level 10.5 Necromancy
 + Level 10.5 Translocations
 + Level 10.5 Transmutations
 + Level 10.5 Fire Magic
 + Level 14.1 Ice Magic
 + Level 10.5 Air Magic
 + Level 10.5 Earth Magic
 + Level 10.5 Poison Magic
 + Level 13.4 Invocations
 + Level 12.4 Evocations
 + Level 10.5 Shapeshifting


You had 25 spell levels left.
You knew the following spells:

 Your Spells              Type           Power      Damage    Failure   Level
a - Blink                 Tloc           48%        N/A       1%          2
b - Summon Lightning Spi  Summ/Air       24%        N/A       10%         4
c - Summon Forest         Summ/Tloc      12%        N/A       26%         5
d - Summon Mana Viper     Hex/Summ       24%        N/A       26%         5

Your spell library contained the following spells:

 Spells                   Type           Power      Damage    Failure   Level
 Cigotuvi's Dreadful Rot  Necr/Pois/Air  48%        N/A       1%          2
 Ensorcelled Hibernation  Hex/Ice        54%        N/A       1%          2
 Lesser Beckoning         Tloc           48%        N/A       1%          2
 Momentum Strike          Conj/Tloc      48%        3d9       1%          2
 Passwall                 Tmut/Erth      20%        N/A       1%          2
 Scorch                   Fire           48%        2d7       1%          2
 Hailstorm                Conj/Ice       27%        3d7       1%          3
 Inner Flame              Hex/Fire       24%        N/A       2%          3
 Swiftness                Air            24%        N/A       2%          3
 Volatile Blastmotes      Fire/Tloc      48%        2d14      2%          3
 Animate Armour           Summ/Erth      48%        N/A       10%         4
 Dispel Undead            Necr           24%        3d12      10%         4
 Flame Wave               Conj/Fire      24%        2d8       10%         4
 Fulminant Prism          Conj/Hex       12%        3d9       10%         4
 Iskenderun's Mystic Bla  Conj/Tloc      24%        2d7       10%         4
 Sticky Flame             Conj/Fire      24%        2d5       10%         4
 Simulacrum               Ice/Necr       13%        N/A       56%         6
 Death Channel            Necr           12%        N/A       82%         6
 Summon Cactus Giant      Summ           12%        N/A       82%         6


Dungeon Overview and Level Annotations

Branches:
Dungeon (15/15)            Temple (1/1) D:6            Lair (5/5) D:11
 Shoals (4/4) Lair:2        Snake (0/4) Lair:3        Slime (0/5) Lair:5
    Orc (2/2) D:11            Elf (1/3) Orc:2        Vaults (0/5) D:14
 Depths (0/4) D:15          IceCv (visited)

Altars:
Ashenzari
Cheibriados
Dithmenos
Elyvilon
Fedhas
Gozag
Hepliaklqana
Kikubaaqudgha
Makhleb
Nemelex Xobeh
Okawaru
Qazlal
Ru
Sif Muna
Trog
Uskayaw
Vehumet
Wu Jian
Xom
Yredelemnul
Zin
The Shining One

Shops:
D:7 (   D:11 ?*([:   Orc:2 **[**(   Shoals:3 (

Annotations:
D:3 Grinder
Lair:5 exclusion: obsidian statue


Innate Abilities, Weirdness & Mutations

Your life essence is reduced to manifest your ancestor. (-10% HP)
You have very sharp teeth.
Your uncanny sense of smell can sniff out nearby items.
Your experience applies equally to all skills.


Message History

The +1 glaive of flaming is lightly damaged.
Bojana hits the +1 glaive of flaming with a +0 dagger of draining!
The +1 glaive of flaming hits you.
Bojana hits the +1 glaive of flaming with a +0 dagger of draining.
Bojana closely misses the +1 glaive of flaming.
You block the +1 glaive of flaming's attack.
You miss the +1 glaive of flaming.
The +1 glaive of flaming is moderately damaged.
Bojana hits the +1 glaive of flaming with a +0 dagger of draining.
The +1 glaive of flaming barely misses you.
Bojana hits the +1 glaive of flaming with a +0 dagger of draining.
Unknown command.
You closely miss the +1 glaive of flaming.
Your bite misses the +1 glaive of flaming.
The +1 glaive of flaming is heavily damaged.
You slash the deep elf zephyrmancer!
You kill the deep elf zephyrmancer!
Bojana completely misses the +1 glaive of flaming.
The +1 glaive of flaming misses you.
Bojana completely misses the +1 glaive of flaming.
You hit the +1 glaive of flaming.
The +1 glaive of flaming is severely damaged.
You block the +1 glaive of flaming's attack.
Bojana closely misses the +1 glaive of flaming.
Bojana hits the +1 glaive of flaming with a +0 dagger of draining!
The +1 glaive of flaming hits you!!
* * * LOW HITPOINT WARNING * * *
The +1 glaive of flaming burns you.
* * * LOW HITPOINT WARNING * * *
Bojana barely misses the +1 glaive of flaming.
You miss the +1 glaive of flaming.
The +1 glaive of flaming is almost destroyed.
The deep elf knight unwields a +0 short sword.
The deep elf knight wields a +0 longbow.
The deep elf knight shoots an arrow.
You block the arrow.
Bojana closely misses the +1 glaive of flaming.
The +1 glaive of flaming hits you!!
* * * LOW HITPOINT WARNING * * *
The +1 glaive of flaming burns you.
You die...

#.....###.# ..........
..##+.#..##.#.+...)....<.
..............#........).
.........##.#.##...###..)
#.####.#.##.#..#... #...
#..###.#.##.. ##...###...
.........### #........
.........###...##..(....
......)@R...... ##.....)
.......#(####.. ####...
....... .# ##'# .......
.# #... ....... .# #...
#...... ## #..... ######.
#. #..... .....#e .
....... ##......


You could see the friendly Bojana the hexer, a deep elf knight and a +1 glaive
of flaming (ally target).

Vanquished Creatures
  Mara (Shoals:4)
  Gastronok (Lair:3)
  Ilsuiw (Shoals:2)
  A frost giant (IceCv)
  An ironbound preserver (D:14)
  5 merfolk javelineers
  A fire dragon (D:15)
  5 merfolk impalers (Shoals:4)
  Harold (D:10)
  5 hydras
  A catoblepas (Shoals:4)
  6 centaur warriors
  A two-headed ogre (D:12)
  5 merfolk aquamancers
  2 dancing weapons
  A death knight (D:14)
  A boulder beetle (Lair:3)
  11 death yaks
  A satyr (Shoals:4)
  7 skysharks
  2 deep elf knights (Elf:1)
  10 sea snakes
  A fire crab (shapeshifter) (D:15)
  5 skeletal warriors (D:14)
  A kraken simulacrum (Shoals:4)
  A lindwurm (Lair:5)
  3 harpies (Shoals:4)
  A phantasmal warrior (D:14)
  A deep elf archer (Elf:1)
  6 deep elf zephyrmancers (Elf:1)
  Pikel (D:5)
  9 ugly things
  6 deep elf pyromancers
  5 fauns
  3 orc knights (Orc:2)
  An orc sorcerer (D:15)
  2 necromancers (Lair:5)
  9 cyclopes
  13 manticores
  8 elephants
  A black mamba (shapeshifter) (D:15)
  A salamander (Lair:3)
  10 merfolk sirens
  3 slime creatures (D:14)
  4 black mambas
  3 water nymphs
  2 naga magi (D:15)
  An ice statue (IceCv)
  2 centaur zombies (D:15)
  Maurice (D:10)
  A centaur skeleton (D:15)
  A gargoyle (D:12)
  9 cane toads
  A torpor snail (Lair:1)
  5 rime drakes
  An unseen horror (D:12)
  8 komodo dragons
  4 yaktaurs (D:15)
  3 freezing wraiths (D:14)
  2 efreet
  A tengu conjurer (D:14)
  A meliai (D:14)
  5 trolls
  8 polar bears
  33 merfolk
  9 snapping turtles
  7 wind drakes
  16 blink frogs
  A dream sheep (Shoals:1)
  A vampire (D:12)
  A spriggan (D:8)
  A jumping spider (shapeshifter) (D:15)
  A centaur simulacrum (D:15)
  A shadow (D:9)
  67 yaks
  2 wyverns
  13 water elementals
  A death yak simulacrum (Lair:5)
  A fire elemental (Elf:1)
  3 basilisks
  2 steam dragons (Shoals:2)
  3 vampire mosquitoes (D:12)
  A warg (shapeshifter) (D:14)
  A warg (Orc:2)
  A spectral cane toad (Lair:5)
  13 water moccasins
  A sky beast (D:8)
  2 ice beasts
  2 black bears
  34 orc warriors
  26 centaurs
  27 wolves
  An elephant zombie (Lair:5)
  10 ogres
  A phantom (D:4)
  4 lemures (D:5)
  Blork the orc (D:6)
  3 kobold brigands
  14 bullfrogs
  A scorpion (D:5)
  7 wights
  2 hexers
  9 killer bees
  5 electric eels
  4 howler monkeys
  2 lava snakes (Lair:3)
  5 hounds
  4 jellies (D:6)
  Crazy Yiuf (D:3)
  5 iguanas
  11 orc priests
  8 orc wizards
  Natasha (thrice) (D:3)
  9 gnolls
  6 adders
  A shadow imp (D:4)
  2 white imps
  An ufetubus (D:7)
  A worm (D:2)
  4 dart slugs
  79 orcs
  7 ball pythons
  7 endoplasms
  6 giant cockroaches
  4 goblins
  10 hobgoblins
  3 jackals
  17 kobolds
  4 quokkas
  7 bats
  4 frilled lizards
  6 rats
  A tentacle (Shoals:4)
775 creatures vanquished.

Vanquished Creatures (collateral kills)
  Rupert (Lair:4)
  Polyphemus (Shoals:4)
  Kirke (D:12)
  Frances (Shoals:1)
  Roxanne (Shoals:2)
  Aizul (Shoals:1)
  A merfolk javelineer (Shoals:4)
  A merfolk impaler (Shoals:4)
  Fannar (D:12)
  2 hydras
  5 merfolk aquamancers
  An alligator snapping turtle (Shoals:4)
  A centaur warrior (D:13)
  A death yak (Shoals:4)
  A tengu warrior (D:14)
  Urug (Lair:1)
  A skyshark (Lair:3)
  A spectral death yak (Lair:5)
  2 sea snakes
  A harpy (Shoals:4)
  A deep elf zephyrmancer (Elf:1)
  The ghost of Dega the Nimble, a novice SpHu (D:8)
  A wizard (D:14)
  3 ugly things
  2 necromancers
  A cyclops (D:11)
  3 manticores
  A faun (Shoals:1)
  2 water nymphs
  3 elephants (Lair:5)
  A torpor snail (Lair:4)
  3 black mambas
  A dire elephant zombie (Lair:5)
  5 cane toads
  An efreet (D:14)
  2 komodo dragons
  4 polar bears (Lair:4)
  2 wind drakes
  3 merfolk
  3 dream sheep (Shoals:1)
  Prince Ribbit (Lair:1)
  2 blink frogs (Lair:5)
  3 snapping turtles
  3 slime creatures (D:15)
  15 yaks
  5 water elementals
  2 wyverns (Lair:1)
  A wraith (D:12)
  A basilisk (Lair:5)
  A spectral cane toad (Lair:5)
  5 water moccasins
  A swamp drake (D:11)
  4 orc warriors
  An ogre (Orc:2)
  3 wolves
  An elephant skeleton (Lair:5)
  3 centaurs
  2 bullfrogs
  A gnoll sergeant (Orc:1)
  A lava snake (Lair:3)
  4 orc wizards
  2 gnolls (Orc:1)
  6 orcs
137 creatures vanquished.

Vanquished Creatures (others)
  28 hexers
  9 ancestors
  2 tentacles (Shoals:4)
39 creatures vanquished.

Grand Total: 951 creatures vanquished

Notes
Turn   | Place    | Note
-------+----------+-------------------------------------------
     0 | D:1      | Ubbricas the Gnoll Hunter began the quest for the Orb.
     0 | D:1      | Reached XP level 1. HP: 20/20 MP: 1/1
    59 | D:1      | Reached XP level 2. HP: 26/26 MP: 2/2
   157 | D:1      | Learned a level 2 spell: Blink
   421 | D:1      | Reached XP level 3. HP: 31/31 MP: 3/3
   766 | D:2      | Reached skill level 1 in Invocations
   849 | D:2      | Reached skill level 1 in Short Blades
   849 | D:2      | Reached skill level 1 in Long Blades
   849 | D:2      | Reached skill level 1 in Axes
   849 | D:2      | Reached skill level 1 in Maces & Flails
   849 | D:2      | Reached skill level 1 in Polearms
   849 | D:2      | Reached skill level 1 in Staves
   849 | D:2      | Reached skill level 1 in Throwing
   849 | D:2      | Reached skill level 1 in Armour
   849 | D:2      | Reached skill level 1 in Shields
   849 | D:2      | Reached skill level 1 in Unarmed Combat
   849 | D:2      | Reached skill level 1 in Spellcasting
   849 | D:2      | Reached skill level 1 in Evocations
   871 | D:1      | Reached XP level 4. HP: 28/38 MP: 5/5
   965 | D:2      | Reached skill level 1 in Conjurations
   965 | D:2      | Reached skill level 1 in Hexes
   965 | D:2      | Reached skill level 1 in Summonings
   965 | D:2      | Reached skill level 1 in Necromancy
   965 | D:2      | Reached skill level 1 in Translocations
   965 | D:2      | Reached skill level 1 in Transmutations
   965 | D:2      | Reached skill level 1 in Fire Magic
   965 | D:2      | Reached skill level 1 in Ice Magic
   965 | D:2      | Reached skill level 1 in Air Magic
   965 | D:2      | Reached skill level 1 in Earth Magic
   965 | D:2      | Reached skill level 1 in Poison Magic
   987 | D:2      | Found a glowing silver altar of Zin.
  1237 | D:3      | Noticed Grinder
  1281 | D:3      | Found a stormy altar of Qazlal.
  1375 | D:3      | Reached XP level 5. HP: 43/43 MP: 7/7
  1398 | D:3      | Found a runed translucent door.
  1399 | D:3      | Noticed Crazy Yiuf
  1429 | D:3      | Found a white marble altar of Elyvilon.
  1689 | D:3      | Noticed Natasha
  1699 | D:3      | Killed Natasha
  1724 | D:3      | Noticed Natasha
  1732 | D:3      | Killed Natasha
  2001 | D:3      | Noticed Natasha
  2004 | D:3      | Killed Natasha
  2039 | D:3      | Killed Crazy Yiuf
  2040 | D:3      | Reached XP level 6. HP: 14/50 MP: 8/8
  2099 | D:3      | Reached skill level 5 in Fighting
  2099 | D:3      | Reached skill level 5 in Dodging
  2460 | D:4      | Reached XP level 7. HP: 56/56 MP: 10/10
  2809 | D:5      | Entered Level 5 of the Dungeon
  3256 | D:5      | Noticed Pikel
  3363 | D:5      | Killed Pikel
  3364 | D:5      | Reached XP level 8. HP: 63/64 MP: 12/12
  3880 | D:6      | Found a blossoming altar of Fedhas.
  4069 | D:6      | Noticed Blork the orc
  4082 | D:6      | Killed Blork the orc
  4291 | D:6      | Reached XP level 9. HP: 63/69 MP: 14/14
  4310 | D:6      | Found a sparkling altar of Nemelex Xobeh.
  4364 | D:6      | Found a staircase to the Ecumenical Temple.
  4398 | Temple   | Entered the Ecumenical Temple
  5317 | D:7      | Reached skill level 5 in Stealth
  5803 | D:7      | Found a shimmering altar of Xom.
  5803 | D:7      | Found a basalt altar of Yredelemnul.
  6022 | D:7      | Found Jiedesod's Weapon Shop.
  6031 | D:7      | Reached skill level 5 in Invocations
  6170 | D:8      | Found a burning altar of Makhleb.
  6170 | D:8      | Noticed a green death
  6258 | D:8      | Found a runed translucent door.
  6258 | D:8      | Found a shimmering altar of Xom.
  6258 | D:8      | Noticed Dega's ghost (novice SpHu)
  6258 | D:8      | Noticed a +4 whip of chaos
  6759 | D:8      | Reached skill level 5 in Short Blades
  6759 | D:8      | Reached skill level 5 in Long Blades
  6759 | D:8      | Reached skill level 5 in Axes
  6759 | D:8      | Reached skill level 5 in Maces & Flails
  6759 | D:8      | Reached skill level 5 in Polearms
  6759 | D:8      | Reached skill level 5 in Staves
  6759 | D:8      | Reached skill level 5 in Throwing
  6759 | D:8      | Reached skill level 5 in Armour
  6759 | D:8      | Reached skill level 5 in Shields
  6759 | D:8      | Reached skill level 5 in Unarmed Combat
  6759 | D:8      | Reached skill level 5 in Spellcasting
  6759 | D:8      | Reached skill level 5 in Evocations
  6759 | D:8      | Reached XP level 10. HP: 77/77 MP: 17/17
  6823 | D:8      | Reached skill level 10 in Ranged Weapons
  6902 | D:8      | Found a hazy altar of Hepliaklqana.
  6906 | D:8      | Became a worshipper of Hepliaklqana the Forgotten
  7179 | D:8      | Reached skill level 5 in Ice Magic
  7249 | D:8      | Found a hide-covered altar of Uskayaw.
  7956 | D:9      | Reached * piety under Hepliaklqana
  7973 | D:9      | Found an ornate altar of the Wu Jian Council.
  8292 | D:10     | Entered Level 10 of the Dungeon
  8339 | D:10     | Noticed Harold
  8345 | D:10     | Killed Harold
  8634 | D:10     | Reached skill level 5 in Conjurations
  8634 | D:10     | Reached skill level 5 in Hexes
  8634 | D:10     | Reached skill level 5 in Summonings
  8634 | D:10     | Reached skill level 5 in Necromancy
  8634 | D:10     | Reached skill level 5 in Translocations
  8634 | D:10     | Reached skill level 5 in Transmutations
  8634 | D:10     | Reached skill level 5 in Fire Magic
  8634 | D:10     | Reached skill level 5 in Air Magic
  8634 | D:10     | Reached skill level 5 in Earth Magic
  8634 | D:10     | Reached skill level 5 in Poison Magic
  8634 | D:10     | Reached XP level 11. HP: 70/76 MP: 20/20
  9050 | D:10     | Noticed Maurice
  9080 | D:10     | Killed Maurice
  9534 | D:11     | Found Buuganoad's Weapon Shop.
  9541 | D:11     | Bought a +2 longbow of flaming for 308 gold pieces
  9560 | D:11     | Found Lisuz's Book Emporium.
  9567 | D:11     | Found a frozen archway.
  9579 | IceCv    | Entered an ice cave
  9625 | IceCv    | Noticed a white ugly thing
  9633 | IceCv    | Killed a white ugly thing
  9734 | IceCv    | HP: 3/78 [polar bear (17)]
  9833 | IceCv    | Reached ** piety under Hepliaklqana
  9988 | IceCv    | Noticed a frost giant
  9988 | IceCv    | Noticed a death yak
  9998 | IceCv    | Killed a death yak
  9999 | IceCv    | Reached XP level 12. HP: 84/84 MP: 22/22
 10001 | IceCv    | Killed a frost giant
 10026 | IceCv    | Found the amulet of Vitality {RegenMP++ Regen++}
 10026 | IceCv    | Found the +4 consecrated labrys {holy, Valiant Fragile Fly
                  | SInv}
 10145 | IceCv    | Noticed a death yak
 10163 | IceCv    | HP: 2/84 [death yak (6)]
 10381 | IceCv    | Killed a death yak
 10528 | D:11     | Found Jahyus's Antique Armour Boutique.
 10537 | D:11     | Bought a pair of runed gloves for 255 gold pieces
 10623 | D:11     | Identified the +5 war axe of Mens Rea {venom, rElec rC+
                  | Will++ Dex-5}
 10637 | D:11     | Found Lowki's Magic Scroll Boutique.
 10645 | D:11     | Bought a scroll of identify for 32 gold pieces
 10645 | D:11     | Bought a scroll of identify for 32 gold pieces
 10671 | D:11     | Remembered your ancestor Bojana as a hexer
 10692 | D:11     | Found Yleolyl's Assorted Antiques.
 10932 | D:11     | Found a staircase to the Lair.
 10983 | D:11     | Found a staircase to the Orcish Mines.
 11085 | Lair:1   | Entered Level 1 of the Lair of Beasts
 11137 | Lair:1   | Noticed Prince Ribbit
 11156 | Lair:1   | Killed Prince Ribbit
 11188 | Lair:1   | Reached XP level 13. HP: 90/90 MP: 25/25
 11287 | Lair:1   | Noticed Urug
 11291 | Lair:1   | Upgraded the game from 0.31-a0-237-g2d982f9 to
                  | 0.31-a0-245-g985e063
 11299 | Lair:1   | Killed Urug
 11557 | Lair:1   | You fall into a shaft and drop 1 floor!
 11700 | Lair:2   | Reached *** piety under Hepliaklqana
 11730 | Lair:2   | Learned a level 4 spell: Summon Lightning Spire
 11736 | Lair:2   | Learned a level 5 spell: Summon Forest
 12017 | Lair:2   | Reached skill level 10 in Fighting
 12017 | Lair:2   | Reached skill level 10 in Dodging
 12064 | Lair:2   | Found a staircase to the Shoals.
 12432 | Lair:3   | Reached skill level 10 in Ice Magic
 12570 | Lair:3   | Reached **** piety under Hepliaklqana
 12591 | Lair:3   | Found a staircase to the Snake Pit.
 12630 | Lair:3   | Noticed Gastronok
 12637 | Lair:3   | Killed Gastronok
 12638 | Lair:3   | Reached XP level 14. HP: 99/99 MP: 27/27
 12688 | Lair:2   | Reached skill level 10 in Invocations
 13363 | Lair:4   | Noticed Rupert
 13400 | Lair:4   | Upgraded the game from 0.31-a0-245-g985e063 to
                  | 0.31-a0-246-g8cbcc1c
 14063 | D:12     | Noticed Fannar
 14084 | D:12     | Killed Fannar
 14193 | D:12     | Noticed Kirke
 14198 | D:12     | Killed Kirke
 14365 | Orc:1    | Entered Level 1 of the Orcish Mines
 14417 | Orc:1    | Reached skill level 10 in Stealth
 14702 | Orc:2    | Entered Level 2 of the Orcish Mines
 14723 | Orc:2    | Reached ***** piety under Hepliaklqana
 15049 | Orc:2    | Found a staircase to the Elven Halls.
 15191 | Orc:2    | Found Bim Zene's Specific Store.
 15195 | Orc:2    | Found Pethenoc's General Store.
 15198 | Orc:2    | Bought a potion of cancellation for 104 gold pieces
 15198 | Orc:2    | Bought a potion of heal wounds for 65 gold pieces
 15398 | Orc:2    | Found Qoqy's General Store.
 15398 | Orc:2    | Found Jego's General Store.
 15400 | Orc:2    | Found Ucluwut's Antique Armour Boutique.
 15402 | Orc:2    | Found Byty's Weapon Emporium.
 15417 | Orc:2    | Bought a scroll of teleportation for 39 gold pieces
 15417 | Orc:2    | Bought a scroll of teleportation for 39 gold pieces
 15417 | Orc:2    | Bought a potion of curing for 39 gold pieces
 15610 | D:11     | Bought a jewelled scale mail for 306 gold pieces
 15610 | D:11     | Identified the +0 scale mail of the Northern Lights {+Inv
                  | rC+} (You bought it in a shop on level 11 of the Dungeon)
 15761 | D:8      | Killed Dega's ghost
 15925 | Lair:1   | Identified the +9 whip of Garad {heavy, rElec Str+3 Int+4
                  | SInv}
 16392 | Lair:4   | Paralysed by Rupert for 3 turns
 16395 | Lair:4   | Killed Rupert
 16396 | Lair:4   | Reached skill level 10 in Short Blades
 16396 | Lair:4   | Reached skill level 10 in Long Blades
 16396 | Lair:4   | Reached skill level 10 in Axes
 16396 | Lair:4   | Reached skill level 10 in Maces & Flails
 16396 | Lair:4   | Reached skill level 10 in Polearms
 16396 | Lair:4   | Reached skill level 10 in Staves
 16396 | Lair:4   | Reached skill level 10 in Throwing
 16396 | Lair:4   | Reached skill level 10 in Armour
 16396 | Lair:4   | Reached skill level 10 in Shields
 16396 | Lair:4   | Reached skill level 10 in Unarmed Combat
 16396 | Lair:4   | Reached skill level 10 in Spellcasting
 16396 | Lair:4   | Reached skill level 10 in Evocations
 16468 | Lair:4   | Reached XP level 15. HP: 106/106 MP: 29/29
 16488 | Lair:4   | Learned a level 5 spell: Summon Mana Viper
 16614 | Lair:4   | Identified the +0 leather armour "Gumumm" {Rampage Dex+2}
 16972 | Lair:5   | Entered Level 5 of the Lair of Beasts
 17276 | Lair:5   | Found a staircase to the Slime Pits.
 17331 | Lair:5   | Found the +2 hood of the Assassin {Detect Stab+ Stlth++}
 18504 | D:13     | Reached ****** piety under Hepliaklqana
 19088 | D:14     | You fall into a shaft and drop 1 floor!
 19088 | D:15     | Entered Level 15 of the Dungeon
 19837 | D:14     | Reached XP level 16. HP: 114/114 MP: 30/30
 20171 | D:14     | Found a gate to the Vaults.
 20526 | D:15     | Paralysed by an orc sorcerer for 2 turns
 20549 | D:15     | Found a staircase to the Depths.
 20976 | Shoals:1 | Entered Level 1 of the Shoals
 21090 | Shoals:1 | Noticed Frances
 21095 | Shoals:1 | Killed Frances
 21242 | Shoals:1 | Noticed Aizul
 21254 | Shoals:1 | Killed Aizul
 21870 | Shoals:2 | Noticed Roxanne
 21893 | Shoals:2 | Killed Roxanne
 22148 | Shoals:2 | Noticed Ilsuiw
 22153 | Shoals:2 | Reached XP level 17. HP: 121/121 MP: 32/32
 22156 | Shoals:2 | Killed Ilsuiw
 22499 | Shoals:3 | Found Archal's Weapon Boutique.
 22761 | Shoals:3 | Reached skill level 10 in Conjurations
 22761 | Shoals:3 | Reached skill level 10 in Hexes
 22761 | Shoals:3 | Reached skill level 10 in Summonings
 22761 | Shoals:3 | Reached skill level 10 in Necromancy
 22761 | Shoals:3 | Reached skill level 10 in Translocations
 22761 | Shoals:3 | Reached skill level 10 in Transmutations
 22761 | Shoals:3 | Reached skill level 10 in Fire Magic
 22761 | Shoals:3 | Reached skill level 10 in Air Magic
 22761 | Shoals:3 | Reached skill level 10 in Earth Magic
 22761 | Shoals:3 | Reached skill level 10 in Poison Magic
 22761 | Shoals:3 | Reached skill level 10 in Shapeshifting
 23127 | Shoals:4 | Entered Level 4 of the Shoals
 23165 | Shoals:4 | Noticed Mara
 23178 | Shoals:4 | Noticed Ubbricas's illusion
 23570 | Shoals:4 | Noticed Ubbricas's illusion
 23574 | Shoals:4 | Killed Mara
 23691 | Shoals:4 | Identified the +0 scale mail of Dramatic Exits {rPois MP+9
                  | Dex-4}
 23873 | Shoals:4 | Identified the ring "Fefio" {rN+ Str+3}
 23987 | Shoals:4 | Got a barnacled rune of Zot
 24192 | Shoals:4 | Noticed Polyphemus
 24203 | Shoals:4 | Killed Polyphemus
 24601 | D:11     | Bought a jewelled plate armour for 784 gold pieces
 24601 | D:11     | Identified the +1 plate armour of Awirr {rCorr} (You bought
                  | it in a shop on level 11 of the Dungeon)
 24669 | Orc:2    | Bought a scroll of enchant armour for 105 gold pieces
 24669 | Orc:2    | Bought a phantom mirror for 560 gold pieces
 24699 | Elf:1    | Entered Level 1 of the Elven Halls
 24761 | Elf:1    | Reached XP level 18. HP: 123/128 MP: 34/34
 24992 | Elf:1    | HP: 1/128 [+1 glaive of flaming (21)]
 24992 | Elf:1    | Slain by a +1 glaive of flaming

Illustrated notes

Levels and vault maps discovered:
D:1:      mushboom_english_gardens, layout_basic, grunt_decor_one_mirror,
          serial_bayou_pond_a, roderic_lattice_a, minmay_cut_off
D:2:      layout_rooms, basic_altar
D:3:      layout_basic, mainiacjoe_overflow_six_doors_small,
          nicolae_elyvilon_peaceful_grove, lexackson_kobold_supper,
          uniq_grinder, uniq_crazy_yiuf_cottage, uniq_natasha
D:4:      wander_river, layout_basic, minmay_misc_feat_columns
D:5:      layout_basic, uniq_pikel
D:6:      layout_basic, mainiacjoe_overflow_paths,
          mainiacjoe_overflow_surrounded_room, temple_doors_ab,
          chequers_serial_rivers_large_a, uniq_blork_the_orc
D:7:      layout_basic, gammafunk_temple_overflow_wave, serial_shops,
          nicolae_shop_tiny_statue_garden, minmay_misc_feat_plants,
          minmay_manual_mares
D:8:      layout_loops_corners, lemuel_coloured_pillars_altar,
          nzn_hepliaklqana_mist_gate, makhleb_altar_promises_db,
          ebering_ghost_xom, the_hattery
D:9:      layout_long_grid, nicolae_wu_jian_immortal_techniques,
          minmay_misc_feat_ornament, minivault_16,
          minmay_misc_feat_four_crosses, hangedman_abyss_or_decor_passed,
          kennysheep_generic_room_11
D:10:     layout_basic, minmay_diced_spiral, uniq_maurice, uniq_harold
D:11:     layout_cave_pools, lair_entry_dummy, erik_orc_1,
          portal_ice_cave_entry_pillars_1, serial_shops,
          nicolae_shop_tiny_statue_garden, shop, shop, shop,
          nicolae_shop_crystal, corexii_corridor_pit
D:12:     layout_loops_ring, grunt_ministairs_13, serial_park_tiny_1,
          uniq_kirke, uniq_fannar
D:13:     layout_cave_pools, kennysheep_nub
D:14:     layout_loops_ring, skrybe_vaults_entry_preservation, special_room
          [special_room_orc], nrook_campfire
D:15:     grunt_enter_depths_magical_seal, layout_cave_pods,
          columned_hall_lemuel, small_statue_intersection, grunt_ministairs_8
Temple:   nicolae_temple_godzebo
Lair:1:   layout_roguey, grunt_forest_large_clearings, lemuel_fruit_tree,
          uniq_prince_ribbit2, uniq_urug
Lair:2:   cheibrodos_lair_river_kwai, layout_gridlike, minmay_shoals_entry_hut
Lair:3:   layout_gridlike, nicolae_snake_entry_warm_welcome, st_stairs_8,
          uniq_gastronok
Lair:4:   layout_big_grid, cheibrodos_lair_lostbears,
          infiniplex_staircase_pool_2, grunt_megastairs_3, uniq_rupert
Lair:5:   due_jungle_book, layout_loops_ring, slime_entry_1
Shoals:1: layout_shoals, uniq_frances, uniq_aizul
Shoals:2: layout_shoals, nicolae_shoals_drake_roost, uniq_roxanne, uniq_ilsuiw
Shoals:3: layout_shoals, serial_shops, nicolae_shop_trees,
          nicolae_shoals_water_shrine
Shoals:4: shoals_end_grunt_ice, layout_shoals, uniq_mara, uniq_polyphemus
Orc:1:    layout_caves
Orc:2:    st_orc_rangers, layout_caves, nicolae_specific_store
Elf:1:    minmay_elf_arrival_circle, layout_loops_cross, minmay_elf_annihilation

Skill      XL: |  1  2  3  4  5  6  7  8  9 10 11 12 13 14 15 16 17 18 |
---------------+-------------------------------------------------------+-----
Invocations    | 1 2 3 4 5 6 7 8 9 10 11 12 13 | 13.4
Short Blades   | 1 2 3 5 6 7 8 9 10 11 12 | 12.4
Long Blades    | 1 2 3 5 6 7 8 9 10 11 12 | 12.4
Axes           | 1 2 3 5 6 7 8 9 10 11 12 | 12.4
Maces & Flails | 1 2 3 5 6 7 8 9 10 11 12 | 12.4
Polearms       | 1 2 3 5 6 7 8 9 10 11 12 | 12.4
Staves         | 1 2 3 5 6 7 8 9 10 11 12 13 | 13.0
Throwing       | 1 2 3 5 6 7 8 9 10 11 12 | 12.4
Armour         | 1 2 3 5 6 7 8 9 10 11 12 | 12.4
Shields        | 1 2 3 5 6 7 8 9 10 11 12 | 12.4
Unarmed Combat | 1 2 3 5 6 7 8 9 10 11 12 | 12.4
Spellcasting   | 1 2 3 5 6 7 8 9 10 11 12 | 12.4
Evocations     | 1 2 3 5 6 7 8 9 10 11 12 | 12.4
Conjurations   | 1 2 3 4 5 6 7 8 9 10 | 10.5
Hexes          | 1 2 3 4 5 6 7 8 9 10 | 10.5
Summonings     | 1 2 3 4 5 6 7 8 9 10 | 10.5
Necromancy     | 1 2 3 4 5 6 7 8 9 10 | 10.5
Translocations | 1 2 3 4 5 6 7 8 9 10 | 10.5
Transmutations | 1 2 3 4 5 6 7 8 9 10 | 10.5
Fire Magic     | 1 2 3 4 5 6 7 8 9 10 | 10.5
Ice Magic      | 1 2 3 4 6 7 8 10 11 12 13 14 | 14.1
Air Magic      | 1 2 3 4 5 6 7 8 9 10 | 10.5
Earth Magic    | 1 2 3 4 5 6 7 8 9 10 | 10.5
Poison Magic   | 1 2 3 4 5 6 7 8 9 10 | 10.5
Stealth        | 3 4 5 6 7 8 9 10 11 12 | 12.6
Fighting       | 5 6 7 8 9 10 11 12 13 | 13.2
Dodging        | 5 6 7 8 9 10 11 12 13 | 13.2
Ranged Weapons | 9 10 11 12 13 14 | 14.8
Shapeshifting  | 7 8 9 10 | 10.5

Action                     |  1- 3 |  4- 6 |  7- 9 | 10-12 | 13-15 | 16-18 || total
---------------------------+-------+-------+-------+-------+-------+-------++-------
  Melee: Longbow           |       |       |       |       |     2 |       ||     2
         War axe           |       |       |       |       |       |    27 ||    27
         Bite              |       |       |       |       |       |     9 ||     9
   Fire: Shortbow          |    80 |   189 |   357 |       |       |       ||   626
         Orcbow            |       |       |    72 |   211 |       |       ||   283
         Longbow           |       |       |       |   290 |  1125 |  1023 ||  2438
   Cast: Summon Lightning  |       |       |       |       |     5 |       ||     5
         Summon Forest     |       |       |       |       |     8 |     5 ||    13
 Invoke: Ancestor Identity |       |       |       |     1 |       |       ||     1
         Ancestor Life: He |       |       |       |     1 |       |       ||     1
         Recall Ancestor   |       |       |       |       |     3 |     1 ||     4
         Idealise          |       |       |       |       |       |     2 ||     2
  Evoke: Wand              |       |       |       |     4 |     6 |     1 ||    11
         Lightning rod     |       |       |       |       |       |     6 ||     6
    Use: Scroll            |       |     1 |     8 |    13 |     6 |     6 ||    34
         Potion            |       |       |       |     6 |       |     1 ||     7
   Stab: Confused          |       |       |       |       |       |     1 ||     1
         Paralysed         |       |       |       |       |       |     1 ||     1
 Armour: Leather armour    |     3 |    16 |    11 |       |       |       ||    30
         Robe              |       |       |    50 |       |       |       ||    50
         Ring mail         |       |       |     5 |    89 |    70 |       ||   164
         Skin              |       |       |       |    26 |       |       ||    26
         Troll leather arm |       |       |       |       |    57 |   107 ||   164
  Dodge: Dodged            |    23 |    53 |   187 |   233 |   414 |   341 ||  1251
  Block: Tower shield      |       |       |       |       |       |    40 ||    40

Table legend: (Time is in decaauts)
 A = Elapsed time spent in this place.
 B = Non-inter-level travel time spent in this place.
 C = Inter-level travel time spent in this place.
 D = Time resting spent in this place.
 E = Time spent auto-exploring this place.
 F = Levels seen in this place.
 G = Mean time per level.
                   A        B        C        D        E       F      G
               +--------+--------+--------+--------+--------+-----+--------+
         Total |  25794 |  22817 |   2977 |    500 |  16378 |  29 |  889.4 |
       Dungeon |  14312 |  12943 |   1369 |    298 |   9837 |  15 |  954.1 |
        Temple |    126 |     77 |     49 |      0 |     75 |   1 |  126.0 |
          Lair |   5056 |   4172 |    884 |      0 |   2982 |   5 | 1011.2 |
        Shoals |   3805 |   3354 |    451 |    117 |   2076 |   4 |  951.2 |
  Orcish Mines |   1265 |   1085 |    180 |      4 |    736 |   2 |  632.5 |
   Elven Halls |    292 |    251 |     41 |      0 |    155 |   1 |  292.0 |
      Ice Cave |    935 |    935 |      0 |     81 |    516 |   1 |  935.0 |
               +--------+--------+--------+--------+--------+-----+--------+

Top non-repeatable levels by time:
     D:8: 1429 daAuts
    D:10: 1382 daAuts
Shoals:4: 1275 daAuts
     D:6: 1185 daAuts
    D:14: 1174 daAuts
  Lair:3: 1109 daAuts
     D:5: 1091 daAuts
  Lair:5: 1074 daAuts
  Lair:1: 1064 daAuts
    D:11: 1050 daAuts
     D:9: 986 daAuts
     D:3: 978 daAuts
    D:15: 955 daAuts
   IceCv: 935 daAuts
     D:7: 934 daAuts
